 Dungeon Crawl Stone Soup version 0.20-a0-910-gb611367 (webtiles) character file.

295 Hide the Caller (level 6, -11/36 HPs)
             Began as an Octopode Summoner on Mar 24, 2017.
             Mangled by a black bear (13 damage)
             ... on level 4 of the Dungeon.
             The game lasted 00:38:48 (6418 turns).

Hide the Caller (Octopode Summoner)                 Turns: 6418, Time: 00:38:49

Health: -11/36     AC:  3    Str:  7    XL:     6   Next: 34%
Magic:  7/12       EV: 13    Int: 20    God:
Gold:   249        SH:  0    Dex: 12    Spells: 2/13 levels left

rFire    . . .     SeeInvis .   m - +1 dagger
rCold    . . .     Gourm    +   (no shield)
rNeg     . . .     Faith    .   v - +2 hat
rPois    +         Spirit   .   d - amulet of the gourmand
rElec    .         Reflect  .   o - ring of poison resistance
rCorr    .         Harm     .   (no ring)
MR       .....                  (no ring)
Stlth    +++.......             (no ring)
Regen    0.2/turn               (no ring)
MPRegen  0.2/turn               (no ring)
                                (no ring)
                                (no ring)

@: no status effects
A: almost no armour, stealthy swim, amphibious, 8 rings, constrict 8, camouflage
1, gelatinous body 1
a: no special abilities


You were on level 4 of the Dungeon.
You were completely stuffed.

You visited 1 branch of the dungeon, and saw 4 of its levels.

You collected 249 gold pieces.

Inventory:

Hand Weapons
 m - a +1 dagger (weapon)
Missiles
 u - a throwing net (quivered)
Armour
 v - a +2 hat (worn)
Jewellery
 d - an amulet of the gourmand (around mantle)
 o - a ring of poison resistance (left tentacle)
Wands
 k - a wand of paralysis (10/24)
 r - a wand of confusion (15/48)
Scrolls
 n - 2 scrolls of teleportation
Potions
 c - 2 potions of curing
 f - a potion of cancellation {unknown}
 g - a potion of degeneration {unknown}
 h - a potion of magic {unknown}
 i - 2 potions of might
 l - a potion of mutation {unknown}
 q - a potion of haste {unknown}
 t - a potion of brilliance {unknown}
Books
 a - a book of Callings

   Spells                             Type                      Level
   a - Summon Small Mammal            Summoning                    1
   b - Call Imp                       Summoning                    2
   c - Call Canine Familiar           Summoning                    3
   d - Summon Guardian Golem          Hexes/Summoning              3
   e - Summon Lightning Spire         Summoning/Air                4
   f - Summon Ice Beast               Ice/Summoning                4
 e - Jessica's Compendium of Self-Knowledge
   (You found it on level 2 of the Dungeon)

   Spells                             Type                      Level
   a - Shroud of Golubria             Charms/Translocation         2
Comestibles
 b - 3 bread rations
 j - a royal jelly
 p - 6 fruits
 s - a meat ration


   Skills:
 - Level 2.0 Dodging
 - Level 2.6 Stealth
 + Level 4.0 Spellcasting
 * Level 6.2 Summonings


You had 2 spell levels left.
You knew the following spells:

 Your Spells              Type           Power        Failure   Level  Hunger
a - Summon Ice Beast      Ice/Summ       ###.....     38%         4    ####...
b - Call Imp              Summ           ####....     1%          2    #......
c - Summon Lightning Spi  Summ/Air       ###.....     38%         4    ####...
d - Summon Small Mammal   Summ           ####         1%          1    None


Dungeon Overview and Level Annotations

Branches:
Dungeon (4/15)
 Temple: D:4-7

Altars:
Fedhas
Gozag
Hepliaklqana
Trog
Uskayaw
Xom
Zin


Innate Abilities, Weirdness & Mutations

You cannot wear most types of armour.
You are very stealthy in the water. (Stealth+)
You are amphibious.
You can wear up to eight rings at the same time.
You can use your tentacles to constrict eight enemies at once.
Your skin changes colour to match your surroundings (Stealth+).
Your rubbery body absorbs attacks. (AC +1, EV +1)


Message History

The black bear bites you but does no damage.
The black bear claws you.
* * * LOW HITPOINT WARNING * * *
The black bear barely misses you.
You swap places.
The black bear barely misses your crimson imp.
The black bear claws your crimson imp.
The black bear completely misses your crimson imp.
Your crimson imp blinks!
What are your orders? t - Shout!
Orders for allies: a - Attack new target. p - Attack previous target. r - Retreat! s - Stop attacking. g - Guard the area. f - Follow me.
Anything else - Cancel.
Gang up on whom?
Press: ? - help, Dir - move target cursor, f/p - black bear
Aim: a black bear (severely wounded, berserk, fast, unusually strong) Attack!
The black bear bites you!
You die...

#.......#.#......
....##...#.###
#........##.####.#
### ##.##.#
##.###.###.## #.#
......# # #...5##
#.# ###.####
#.#.##### #.# ..#
#.(.....# #.# .##
###.###.# #.# .##.
#.# #.# #.# .# #.#
#.# #@# .# ..#
#.###h#####.## ###
#.............
#####.#####.##
#5#####.######
#..[..........
#######.......
#######


You could see a black bear (berserk) and a friendly crimson imp.

Vanquished Creatures
  Jessica (D:2)
  An adder (D:3)
  A gnoll (D:4)
  A shadow imp (D:3)
  2 worms (D:2)
  8 orcs (D:3)
  7 bats
  5 giant cockroaches
  4 goblins (D:1)
  6 hobgoblins
  5 jackals
  5 kobolds
  A quokka (D:3)
  5 frilled lizards
  8 rats
60 creatures vanquished.

Vanquished Creatures (collateral kills)
  The ghost of SkiChan the Covered, an amateur MiFi (D:3)
  An ogre (D:4)
  An orc priest (D:3)
  A bullfrog skeleton (D:4)
  An iguana (D:4)
  3 gnolls (D:4)
  An adder (D:4)
  2 worms
  4 orcs (D:3)
  A jackal (D:3)
  A quokka (D:2)
  A goblin (D:3)
  A quokka skeleton (D:4)
  2 rats (D:1)
21 creatures vanquished.

Grand Total: 81 creatures vanquished

Notes
Turn   | Place    | Note
-------+----------+-------------------------------------------
     0 | D:1      | Hide the Octopode Summoner began the quest for the Orb.
     0 | D:1      | Reached XP level 1. HP: 11/11 MP: 3/3
   156 | D:1      | Reached XP level 2. HP: 17/17 MP: 5/5
   781 | D:1      | Learned a level 2 spell: Call Imp
  1034 | D:1      | Reached XP level 3. HP: 11/21 MP: 6/6
  2240 | D:2      | Noticed Jessica
  2260 | D:2      | Killed Jessica
  2260 | D:2      | Reached XP level 4. HP: 25/27 MP: 4/8
  2298 | D:2      | Identified Jessica's Compendium of Self-Knowledge
  2378 | D:2      | Found a blossoming altar of Fedhas.
  3049 | D:2      | Reached skill level 5 in Summonings
  3135 | D:3      | Found a shimmering altar of Xom.
  3135 | D:3      | Found an opulent altar of Gozag.
  3135 | D:3      | Found a hazy altar of Hepliaklqana.
  3136 | D:3      | Found a glowing silver altar of Zin.
  3267 | D:3      | Found a bloodstained altar of Trog.
  4013 | D:3      | Found a hide-covered altar of Uskayaw.
  4028 | D:3      | Reached XP level 5. HP: 15/31 MP: 7/10
  4441 | D:3      | Noticed SkiChan's ghost (amateur MiFi)
  4447 | D:3      | Learned a level 4 spell: Summon Ice Beast
  4452 | D:3      | Learned a level 4 spell: Summon Lightning Spire
  4475 | D:3      | Killed SkiChan's ghost
  5551 | D:4      | Learned a level 1 spell: Summon Small Mammal
  5972 | D:4      | Noticed an ogre
  5986 | D:4      | Killed an ogre
  5986 | D:4      | Reached skill level 6 in Summonings
  5986 | D:4      | Reached XP level 6. HP: 36/36 MP: 5/12
  6392 | D:4      | Noticed a black bear
  6416 | D:4      | HP: 1/36 [black bear (6)]
  6418 | D:4      | Mangled by a black bear

Vault maps used:
D:1:      onia_arrival_handbag
D:2:      overflow_temple_1_default, hangedman_decor_clover_reticule,
          kennysheep_jessica_study
D:3:      lemuel_doored_altar, chequers_temple_overflow_statue_of_worship,
          serial_bayou, serial_bayou_pond_d, serial_bayou_shore_b,
          serial_bayou_pond_a, serial_bayou_ford_a, first_bread,
          mrwooster_statue_mirror, bloody_trog
D:4:      minmay_temple_entry_nine_rooms, uniq_blork_the_orc

Skill      XL: |  1  2  3  4  5 |
---------------+----------------+-----
Spellcasting   | 3 4 |  4.0
Summonings     | 5 6 |  6.2
Dodging        | |  2.0
Stealth        | |  2.6

Action                   |  1- 3 |  4- 6 || total
-------------------------+-------+-------++-------
Melee: Unarmed           |    40 |       ||    40
       Constrict         |    28 |    30 ||    58
       Tentacles         |    17 |    16 ||    33
       Dagger            |    48 |   107 ||   155
 Cast: Summon Small Mamm |     3 |       ||     3
       Call Imp          |     7 |    30 ||    37
  Use: Scroll            |     2 |     9 ||    11
 Stab: Sleeping          |     8 |     4 ||    12
       Distracted        |       |     3 ||     3
  Eat: Chunk             |    16 |    14 ||    30
Armor: Skin              |    15 |    19 ||    34
Dodge: Dodged            |    75 |    90 ||   165
